 Dungeon Crawl Stone Soup version 0.29.0-4-gdea44cf6ec (webtiles) character file.

Game seed: 11021521569569450330

64 qw the Chopper (level 4, -4/26 HPs)
             Began as a Tengu Warper on Aug 28, 2022.
             Succumbed to Sigmund's poison
             ... on level 3 of the Dungeon.
             The game lasted 00:00:09 (2605 turns).

qw the Chopper (Tengu Warper)                       Turns: 2605, Time: 00:00:09

Health: -4/26      AC:  7    Str: 13    XL:     4   Next: 12%
Magic:  8/8        EV:  9    Int: 14    God:
Gold:   113        SH:  0    Dex: 13    Spells: 7/7 levels left

rFire   . . .      SeeInvis .   Y - +0 hand axe
rCold   . . .      Faith    .   (no shield)
rNeg    . . .      Spirit   .   a - +0 scale mail
rPois   .          Reflect  .   (helmet restricted)
rElec   .          Harm     .   d - +0 cloak
rCorr   .          Rampage  .   (no gloves)
Will    .....                   (boots unavailable)
Stlth   ..........              (no amulet)
HPRegen 0.08/turn               j - +4 ring of slaying {mikee}
MPRegen 0.11/turn               (no ring)

@: lethally poisoned (-4 -> -32)
A: beak, talons 3
a: no special abilities


You were on level 3 of the Dungeon.
You visited 1 branch of the dungeon, and saw 3 of its levels.

You collected 113 gold pieces.


Innate Abilities, Weirdness & Mutations

You have a beak for a mouth.
You have claws for feet.


   Skills:
 - Level 2.0 Fighting
 + Level 4.7 Axes
 - Level 1.0 Throwing
 - Level 1.1 Armour
 - Level 2.1 Dodging
 - Level 2.0 Spellcasting
 - Level 2.4 Translocations


You had 7 spell levels left.
You didn't know any spells.
Your spell library contained the following spells:

 Spells                   Type           Power      Damage    Failure   Level
 Blink                    Tloc           16%        N/A       54%         2
 Gell's Gravitas          Tloc           8%         N/A       78%         3
 Lesser Beckoning         Tloc           8%         N/A       78%         3
 Teleport Other           Tloc           8%         N/A       78%         3
 Manifold Assault         Tloc           8%         N/A       100%        5

Inventory:

Hand Weapons
 h - a +0 whip
 Y - a +0 hand axe (weapon)
Armour
 a - a +0 scale mail (worn)
 d - a +0 cloak (worn)
Jewellery
 j - a +4 ring of slaying (left hand) {mikee}
Scrolls
 g - a scroll of identify
Potions
 c - a potion of lignification {unknown}
 e - a potion of flight {unknown}
 k - a potion of ambrosia {unknown}
 l - 2 potions of haste {unknown}
 n - a potion of curing {unknown}

Dungeon Overview and Level Annotations

Branches:
Dungeon (3/15)

Altars:

Shops:
D:1 *

Annotations:
D:3 Sigmund


Message History

You feel sick.
You start resting.
You feel sick.
Sigmund is nearby!
You slash Sigmund! Your kick misses Sigmund.
Sigmund is moderately wounded.
You feel sick.
You hear an angry hiss.
Sigmund hits you but does no damage.
You are more poisoned.
You hit Sigmund. Your peck misses Sigmund.
Sigmund is heavily wounded.
You feel sick.
Sigmund hits you with a +1 scythe of venom.
You are lethally poisoned!
You slash Sigmund! You claw Sigmund. You peck Sigmund.
Sigmund is almost dead.
You feel very sick. Sigmund hits you but does no damage.
You are more poisoned.
2601 ||| DRINKING potion of heal wounds.
You feel much better.
You feel very sick.
You hit Sigmund but do no damage. Your kick misses Sigmund.
Sigmund is almost dead.
You feel very sick.
Sigmund gestures wildly while chanting.
Sigmund flickers and vanishes!
Deactivating autopickup; reactivate with Ctrl-A.
You hit something but do no damage.
You feel very sick. Something hits you but does no damage.
You are lethally poisoned!
You barely miss something. Your kick misses something.
Your peck misses something.
You feel very sick. Something hits you!
You are more poisoned.
You barely miss something.
You die...

#######.##### #.....#
............# #<###.#
#######.###.###.###...
######...#...##.#.#
#####
.................# ...
######..........# ...
##........## #S#
#.........###..
#.##...###@#.#
#..........{#
###.......### #######
#.#####......# ......#
#.# ######## #####.#
#.# #.# #.# ##.###.#
####...##.#


There were no monsters in sight!

Vanquished Creatures
  Terence (D:2)
  An adder (D:2)
  3 dart slugs
  4 ball pythons
  A giant cockroach (D:2)
  3 goblins
  A hobgoblin (D:2)
  A quokka (D:3)
  4 bats
  5 kobolds
  3 rats
27 creatures vanquished.

Notes
Turn   | Place    | Note
-------+----------+-------------------------------------------
     0 | D:1      | qw the Tengu Warper began the quest for the Orb.
     0 | D:1      | Reached XP level 1. HP: 12/12 MP: 4/4
     0 | D:1      | 0 ||| qw: Version: 0.1-a-89-g26bdef1
     0 | D:1      | 0 ||| qw: Game counter: 2167
     0 | D:1      | 0 ||| qw: Always use a shield: true
     0 | D:1      | 0 ||| qw: God list: Okawaru
     0 | D:1      | 0 ||| qw: Allow faded altars: false
     0 | D:1      | 0 ||| qw: Do Orc after D:15 true
     0 | D:1      | 0 ||| qw: Do second Lair branch before Depths: true
     0 | D:1      | 0 ||| qw: Lair rune preference: random
     0 | D:1      | 0 ||| qw: Plans: Normal
     0 | D:1      | 0 ||| PLANNING D:1-11
    43 | D:1      | HP: 1/12 [dart slug/slug dart (6)]
   546 | D:1      | Found Hihixada's General Store.
   555 | D:1      | 555 ||| SHOPLISTING scroll of enchant weapon (90 gold, have
                  | 9).
   555 | D:1      | 555 ||| SHOPLISTING scroll of teleportation (36 gold, have
                  | 9).
   591 | D:1      | Reached skill level 3 in Axes
   591 | D:1      | Reached XP level 2. HP: 17/17 MP: 6/6
   852 | D:1      | Found a faded altar of an unknown god.
  1022 | D:1      | 1022 ||| UPGRADING to +0 ring mail.
  1032 | D:1      | 1032 ||| DROPPING +0 leather armour.
  1033 | D:1      | 1033 ||| UPGRADING to +4 ring of slaying {mikee}.
  1034 | D:1      | 1034 ||| READING scroll labelled ASAUROL RAMURYNT.
  1170 | D:1      | 1170 ||| READING 2 scrolls labelled SEGYOWK HANEA.
  1171 | D:1      | 1171 ||| READING scroll labelled VIOXESOAM.
  1172 | D:1      | 1172 ||| DROPPING scroll of blinking.
  1196 | D:2      | 1196 ||| STAIRDANCE
  1203 | D:2      | Noticed Terence
  1212 | D:2      | Killed Terence
  1213 | D:2      | Reached skill level 4 in Axes
  1213 | D:2      | Reached XP level 3. HP: 6/21 MP: 7/7
  1452 | D:2      | 1452 ||| Stepping ~*~*~tactically~*~*~ (stealth).
  1676 | D:2      | 1676 ||| Stepping ~*~*~tactically~*~*~ (hiding).
  1951 | D:2      | Reached XP level 4. HP: 26/26 MP: 8/8
  2419 | D:2      | 2419 ||| UPGRADING to +0 scale mail.
  2429 | D:2      | 2429 ||| UPGRADING to +0 cloak.
  2434 | D:2      | 2434 ||| DROPPING +0 ring mail.
  2435 | D:2      | 2435 ||| DROPPING ring of wizardry.
  2436 | D:2      | 2436 ||| READING 2 scrolls of identify.
  2436 | D:2      | 2436 ||| IDENTIFYING murky yellow potion
  2591 | D:3      | Noticed Sigmund
  2592 | D:3      | 2592 ||| Stepping ~*~*~tactically~*~*~ (hiding).
  2596 | D:3      | 2596 ||| Stepping ~*~*~tactically~*~*~ (stealth).
  2600 | D:3      | HP: 6/26 [poisoned by Sigmund]
  2601 | D:3      | 2601 ||| DRINKING potion of heal wounds.
  2605 | D:3      | Succumbed to Sigmund's poison

Levels and vault maps discovered:
D:1:      psy_arrival_radial01, layout_basic, hellmonk_ecumenical_altar_run_dry,
          serial_shops, shop, dk_noncrumbling_4
D:2:      layout_basic, grunt_ministairs_10, uniq_terence
D:3:      layout_loops_ring, kennysheep_generic_room_11, uniq_sigmund,
          uniq_crazy_yiuf_cottage

Skill      XL: |  1  2 |
---------------+-------+-----
Axes           | 3 4 |  4.7
Fighting       | |  2.0
Throwing       | |  1.0
Armour         | |  1.1
Dodging        | |  2.1
Spellcasting   | |  2.0
Translocations | |  2.4

Action                   |  1- 3 |  4- 6 || total
-------------------------+-------+-------++-------
Melee: Hand axe          |    33 |    18 ||    51
       Kick              |     8 |     2 ||    10
       Peck              |     5 |     1 ||     6
Throw: Boomerang         |     7 |       ||     7
  Use: Scroll            |     3 |     1 ||     4
       Potion            |       |     1 ||     1
Armor: Leather armour    |     3 |       ||     3
       Ring mail         |     7 |       ||     7
       Scale mail        |       |     5 ||     5
Dodge: Dodged            |    12 |     4 ||    16

Table legend:
 A = Non-vault XP
 B = Vault XP
 C = Vault XP percentage of total XP
 D = Non-vault monster count
 E = Vault monster count
 F = Vault count percentage of total count
                 A         B        C        D         E       F
            +---------+---------+-------+---------+---------+-------
      Total |      56 |      36 |  39.1 |      24 |       3 |  11.1
            +---------+---------+-------+---------+---------+-------
        D:1 |      14 |       2 |  12.5 |       8 |       1 |  11.1
        D:2 |      38 |      34 |  47.2 |      14 |       2 |  12.5
        D:3 |       4 |       0 |   0.0 |       2 |       0 |   0.0
            +---------+---------+-------+---------+---------+-------
